 Dungeon Crawl Stone Soup version 0.29-a0-1006-g0dd7720b37 (webtiles) character file.

Game seed: 17558752551078581593

504932 Turgor the Warrior (level 24, -4/219 HPs)
             Began as a Merfolk Ice Elementalist on Aug 3, 2022.
             Was the Champion of Ashenzari.
             Slain by a rockslime (35 damage)
             ... on level 3 of the Pits of Slime on Aug 6, 2022.
             The game lasted 14:00:19 (63843 turns).

Turgor the Warrior (Merfolk Ice Elementalist)      Turns: 63843, Time: 14:00:19

Health: -4/219     AC: 24    Str: 14 (15) XL:     24   Next: 99%
Magic:  22/57      EV: 14    Int: 28 (29) God:    Ashenzari [******]
Gold:   2215       SH: 13    Dex: 16      Spells: 5/66 levels left

rFire   + + .      SeeInvis +   A - +7 flail of the Ensconced Pleiades {speed, rC+ Will+ Str+3, Comp, Self} (curse)
rCold   + . .      Faith    .   x - +0 kite shield of the Ruined Sky {Alch, Bglg} (curse)
rNeg    + + +      Spirit   .   U - +1 fire dragon scales "Circumscribed Sybil" {rF++ rC- Will+, Alch, Self} (curse)
rPois   ∞          Reflect  .   w - +1 hat "Paranoia of Ashenzari" {Stlth+, Melee, Cun} (curse)
rElec   +          Harm     .   I - +4 cloak of the Elysian Altruism {SInv, Cun, Comp} (curse)
rCorr   .          Rampage  .   R - +1 pair of gloves "I Foresaw This" {Fly rPois Regen+, Self, Elem} (curse)
Will    ++++.      Clarity  +   X - +2 pair of boots of Ashenzari's Negation {rN+ MP+9, Alch, Comp} (curse)
Stlth   +++++.....              M - amulet of the Enigmatic Dismay {rN+ Regen+, Fort, Comp} (curse)
HPRegen 2.06/turn               j - ring of Supernal Wisdom {Wiz rElec Int+3 Slay-2 Stlth+, Bglg, Comp} (curse)
MPRegen 0.35/turn               g - ring of Supernal Understanding {Int+6, Fort, Range} (curse)

@: lich-form, corroded, flying, studying Fighting
A: draining attack, torment immunity, no potions, (nimble swimmer 2), mertail,
deformed body
}: 3/15 runes: barnacled, abyssal, gossamer
a: End Transformation, Renounce Religion, Shatter the Chains


You were on level 3 of the Pits of Slime.
You worshipped Ashenzari.
Ashenzari was exalted by your worship.
You were an undead lich.
You visited 10 branches of the dungeon, and saw 45 of its levels.
You visited the Abyss 5 times.
You also visited: Ossuary, Bailey, Gauntlet, Ice Cave, Volcano and Desolation.

You collected 7556 gold pieces.
You spent 5341 gold pieces at shops.

Inventory:

Hand Weapons
 A - the cursed +7 flail of the Ensconced Pleiades (weapon) {speed, rC+ Will+ Str+3, Comp, Self}
   (You found it on level 2 of the Lair of Beasts)

   Attacks with this weapon are significantly faster.
   Str:       It affects your strength (+3).
   rC:        It protects you from cold.
   Will:      It increases your willpower.
   It has a curse which improves the following skills: Companions: Summonings
   and Necromancy.
   Introspection: Fighting and Spellcasting.
 B - the +8 demon trident "Rift" {distort, reach+}
   (You found it on level 1 of the Depths)

   It warps and distorts space around it, and may blink, banish, or inflict
   extra damage upon those it strikes.
   Unwielding it can cause banishment or high damage.
   It can reach especially far, and its reaching attacks ignore other creatures
   in the way.
Missiles
 H - 17 silver boomerangs
 W - 8 silver javelins
Armour
 w - the cursed +1 hat "Paranoia of Ashenzari" (worn) {Stlth+, Melee, Cun}
   (You found it on level 1 of the Lair of Beasts)

   It has a curse which improves the following skills: Melee Combat: Short
   Blades, Long Blades, Axes, Maces & Flails, Polearms, Staves and Unarmed
   Combat.
   Cunning:   Dodging and Stealth.
 x - the cursed +0 kite shield of the Ruined Sky (worn) {Alch, Bglg}
   (You took it off Asterion on level 2 of the Spider Nest)

   It has a curse which improves the following skills: Alchemy: Poison Magic and
   Transmutations.
   Beguiling: Conjurations, Hexes and Translocations.
 F - a +0 robe of the Archmagi
 I - the cursed +4 cloak of the Elysian Altruism (worn) {SInv, Cun, Comp}
   (You found it on level 13 of the Dungeon)

   SInv:      It lets you see invisible.
   It has a curse which improves the following skills: Cunning: Dodging and
   Stealth.
   Companions: Summonings and Necromancy.
 R - the cursed +1 pair of gloves "I Foresaw This" (worn) {Fly rPois Regen+, Self, Elem}
   (You found it in a Gauntlet)

   rPois:     It protects you from poison.
   Fly:       It grants you flight.
   Regen:     It increases your rate of health regeneration.
   It has a curse which improves the following skills: Introspection: Fighting
   and Spellcasting.
   Elements:  Fire Magic, Ice Magic, Air Magic and Earth Magic.
 U - the cursed +1 fire dragon scales "Circumscribed Sybil" (worn) {rF++ rC- Will+, Alch, Self}
   (You bought it in a shop on level 2 of the Orcish Mines)

   rF:        It greatly protects you from fire.
   rC:        It makes you vulnerable to cold.
   Will:      It increases your willpower.
   It has a curse which improves the following skills: Alchemy: Poison Magic and
   Transmutations.
   Introspection: Fighting and Spellcasting.
 X - the cursed +2 pair of boots of Ashenzari's Negation (worn) {rN+ MP+9, Alch, Comp}
   (You found it in an ice cave)

   rN:        It protects you from negative energy.
   MP:        It affects your magic capacity (+9).
   It has a curse which improves the following skills: Alchemy: Poison Magic and
   Transmutations.
   Companions: Summonings and Necromancy.
Jewellery
 g - the cursed ring of Supernal Understanding (right hand) {Int+6, Fort, Range}
   (You found it on level 3 of the Dungeon)

   [ring of intelligence]

   Int:       It affects your intelligence (+6).
   It has a curse which improves the following skills: Fortitude: Armour and
   Shields.
   Ranged Combat: Ranged Weapons and Throwing.
 j - the cursed ring of Supernal Wisdom (left hand) {Wiz rElec Int+3 Slay-2 Stlth+, Bglg, Comp}
   (You found it in the Desolation of Salt)

   [ring of wizardry]

   It improves your spell success rate.
   Int:       It affects your intelligence (+3).
   Slay:      It affects your accuracy & damage with ranged weapons and melee
   (-2).
   rElec:     It insulates you from electricity.
   Stlth:     It makes you more stealthy.
   It has a curse which improves the following skills: Beguiling: Conjurations,
   Hexes and Translocations.
   Companions: Summonings and Necromancy.
 r - the ring "Jaiquaro" {rC+ Dex+3 SInv}
   (You found it in the Desolation of Salt)

   [ring of see invisible]

   Dex:       It affects your dexterity (+3).
   rC:        It protects you from cold.
   SInv:      It lets you see invisible.
 C - the ring of Tuge Ofy {rC+ rN+ MP+9 Dex-3}
   (You found it in the Desolation of Salt)

   [ring of positive energy]

   Dex:       It affects your dexterity (-3).
   rC:        It protects you from cold.
   rN:        It protects you from negative energy.
   MP:        It affects your magic capacity (+9).
 M - the cursed amulet of the Enigmatic Dismay (around neck) {rN+ Regen+, Fort, Comp}
   (You found it on level 5 of the Dungeon)

   [amulet of regeneration]

   rN:        It protects you from negative energy.
   Regen:     It increases your rate of health regeneration.
   It has a curse which improves the following skills: Fortitude: Armour and
   Shields.
   Companions: Summonings and Necromancy.
 P - the ring "Soasku" {+Blink Fly rElec Int+3}
   (You took it off a deep elf zephyrmancer on level 3 of the Elven Halls)

   [ring of flight]

   Int:       It affects your intelligence (+3).
   rElec:     It insulates you from electricity.
   Fly:       It grants you flight.
   +Blink:    It lets you blink.
 V - the ring "Weurphoe" {rElec rC+ MP+9 Slay+4}
   (You found it in an ice cave)

   [ring of magical power]

   Slay:      It affects your accuracy & damage with ranged weapons and melee
   (+4).
   rC:        It protects you from cold.
   rElec:     It insulates you from electricity.
   MP:        It affects your magic capacity (+9).
Wands
 l - a wand of digging (27)
 t - a wand of flame (133)
 D - a wand of roots (19)
 E - a wand of acid (3)
Scrolls
 e - 3 scrolls of immolation
 k - 3 scrolls of enchant armour
 m - 11 scrolls of poison
 p - 14 scrolls of teleportation
 s - 7 scrolls of butterflies
 y - 3 scrolls of brand weapon
 G - 8 scrolls of amnesia
 J - 2 scrolls of enchant weapon
 L - 4 scrolls of summoning
 O - 7 scrolls of blinking
 Y - 3 scrolls of torment
Potions
 a - 4 potions of haste
 b - 4 potions of magic
 c - 3 potions of cancellation
 f - 3 potions of attraction
 i - 22 potions of curing
 n - 12 potions of heal wounds
 o - 6 potions of mutation
 z - 13 potions of ambrosia
 N - 5 potions of brilliance
 Q - 2 potions of resistance
 S - 7 potions of might
 T - 6 potions of berserk rage
 Z - 2 potions of invisibility
Miscellaneous
 d - a phantom mirror (inert)
 h - a phial of floods (inert)
 q - a condenser vane
 v - a tin of tremorstones (2/2) (quivered)
 K - a box of beasts


   Skills:
 + Level 20.0(24.8) Fighting
 + Level 6.2(8.9) Maces & Flails
 + Level 12.7(15.2) Polearms
 - Level 10.0(12.6) Throwing
 * Level 8.2(12.1) Armour
 - Level 9.5(13.4) Dodging
 - Level 6.7(10.6) Stealth
 - Level 8.7(12.7) Shields
 + Level 16.8(21.7) Spellcasting
 + Level 14.2(18.1) Conjurations
 - Level 3.0(6.2) Hexes
 + Level 12.0(19.2) Summonings
 - Level 13.5(20.7) Necromancy
 * Level 4.1(7.7) Translocations
 - Level 15.2(20.2) Transmutations
 - Level 11.0(13.6) Ice Magic
 - Level 3.1(5.3) Air Magic
 - Level 2.8(5.0) Earth Magic


You had 5 spell levels left.
You knew the following spells:

 Your Spells              Type           Power      Damage    Failure   Level
a - Freeze                Ice            100%       1d11      1%          1
b - Frozen Ramparts       Ice            100%       1d16      1%          3
c - Ozocubu's Armour      Ice            82%        N/A       1%          3
d - Summon Guardian Gole  Hex/Summ       80%        N/A       1%          3
e - Apportation           Tloc           100%       N/A       1%          1
f - Lightning Bolt        Conj/Air       38%        1d57      1%          5
g - Orb of Destruction    Conj           46%        9d12      1%          7
h - Spellforged Servitor  Conj/Summ      47%        N/A       1%          7
i - Necromutation         Tmut/Necr      60%        N/A       5%          8
j - Summon Forest         Summ/Tloc      41%        N/A       1%          5
k - Borgnjor's Vile Clut  Necr/Erth      50%        N/A       1%          5
l - Conjure Ball Lightni  Conj/Air       38%        3x3d12    4%          6
m - Passwall              Tmut/Erth      65%        N/A       1%          2
n - Freezing Cloud        Conj/Ice/Air   39%        6-21      1%          5

Your spell library contained the following spells:

 Spells                   Type           Power      Damage    Failure   Level
 Magic Dart               Conj           100%       1d8       0%          1
 Summon Small Mammal      Summ           100%       N/A       0%          1
 Call Imp                 Summ           95%        N/A       0%          2
 Searing Ray              Conj           100%       2d8       0%          2
 Sublimation of Blood     Necr           100%       N/A       0%          2
 Call Canine Familiar     Summ           95%        N/A       0%          3
 Vampiric Draining        Necr           100%       2d13      0%          3
 Dispel Undead            Necr           100%       3d31      0%          4
 Slow                     Hex            100%       N/A       1%          1
 Ensorcelled Hibernation  Hex/Ice        100%       N/A       1%          2
 Static Discharge         Conj/Air       77%        3-13/arc  1%          2
 Confusing Touch          Hex            60%        N/A       1%          3
 Gell's Gravitas          Tloc           65%        N/A       1%          3
 Ignite Poison            Fire/Tmut/Pois 63%        N/A       1%          3
 Lesser Beckoning         Tloc           65%        N/A       1%          3
 Mephitic Cloud           Conj/Pois/Air  66%        N/A       1%          3
 Portal Projectile        Hex/Tloc       100%       N/A       1%          3
 Spider Form              Tmut/Pois      73%        N/A       1%          3
 Stone Arrow              Conj/Erth      100%       3d13      1%          3
 Swiftness                Air            57%        N/A       1%          3
 Teleport Other           Tloc           65%        N/A       1%          3
 Anguish                  Hex/Necr       51%        N/A       1%          4
 Animate Armour           Summ/Erth      100%       N/A       1%          4
 Corpse Rot               Necr/Pois/Air  88%        N/A       1%          4
 Fulminant Prism          Conj/Hex       39%        3d18      1%          4
 Hailstorm                Conj/Ice       87%        3d17      1%          4
 Ice Form                 Ice/Tmut       90%        N/A       1%          4
 Iskenderun's Mystic Bla  Conj/Tloc      80%        2d16      1%          4
 Petrify                  Tmut/Erth      79%        N/A       1%          4
 Sticky Flame             Conj/Fire      70%        2d8       1%          4
 Summon Lightning Spire   Summ/Air       78%        N/A       1%          4
 Alistair's Intoxication  Tmut/Pois      48%        N/A       1%          5
 Blade Hands              Tmut           48%        N/A       1%          5
 Iskenderun's Battlesphe  Conj           93%        2d14      1%          5
 Metabolic Englaciation   Hex/Ice        36%        N/A       1%          5
 Yara's Violent Unravell  Hex/Tmut       40%        3d16      1%          5
 Inner Flame              Hex/Fire       48%        N/A       2%          3
 Cause Fear               Hex            30%        N/A       2%          4
 Fireball                 Conj/Fire      35%        3d15      2%          5
 Leda's Liquefaction      Hex/Erth       29%        N/A       3%          4
 Airstrike                Air            28%        2d(5-21)  4%          4
 Lee's Rapid Deconstruct  Erth           28%        3d16*     13%         5
 Death Channel            Necr           60%        N/A       1%          6
 Simulacrum               Ice/Necr       56%        N/A       1%          6
 Dragon Form              Tmut           48%        N/A       1%          7
 Statue Form              Tmut/Erth      52%        N/A       3%          6
 Iron Shot                Conj/Erth      38%        9d8       4%          6
 Borgnjor's Revivificati  Necr           60%        N/A       4%          8
 Eringya's Noxious Bog    Tmut/Pois      36%        N/A       8%          6
 Malign Gateway           Summ/Tloc      41%        N/A       12%         7
 Ozocubu's Refrigeration  Ice            41%        4d16      12%         7
 Storm Form               Tmut/Air       40%        N/A       16%         7
 Dispersal                Tloc           32%        N/A       22%         6
 Death's Door             Necr           60%        N/A       56%         9
 Dragon's Call            Summ           47%        N/A       77%         9
 Lehudib's Crystal Spear  Conj/Erth      38%        10d9      87%         8
 Enfeeble                 Hex            30%        N/A       90%         7
 Discord                  Hex            30%        N/A       100%        8
 Disjunction              Tloc           32%        N/A       100%        8


Dungeon Overview and Level Annotations

Branches:
Dungeon (15/15)            Temple (1/1) D:6            Lair (5/5) D:11
 Shoals (4/4) Lair:3       Spider (4/4) Lair:3        Slime (3/5) Lair:4
    Orc (2/2) D:9             Elf (3/3) Orc:2        Vaults (4/5) D:13
  Crypt (0/3) Vaults:2     Depths (4/4) D:15            Zot (0/5) Depths:4
Ossuary (visited)          Bailey (visited)           IceCv (visited)
Volcano (visited)         Desolation (visited)      Gauntlet (visited)

Altars:
Ashenzari
Cheibriados
Dithmenos
Elyvilon
Fedhas
Gozag
Hepliaklqana
Kikubaaqudgha
Makhleb
Nemelex Xobeh
Okawaru
Qazlal
Ru
Sif Muna
Trog
Uskayaw
Vehumet
Wu Jian
Xom
Yredelemnul
Zin
The Shining One
Jiyva
Lugonu

Shops:
D:2 =   D:11 *[*!   D:14 *   Orc:2 :[*(   Elf:3 ?[:*   Vaults:1 *?   Depths:2 *
Depths:3 (*[!

Portals:
Hell: Depths:1 Depths:2 Depths:3 Depths:4
Abyss: Depths:1**** Depths:3 Depths:4
Pandemonium: Depths:2
Ziggurat: Depths:3
Trove: D:12 (show abyssal rune of Zot)

Annotations:
Elf:2 3 runed translucent doors


Innate Abilities, Weirdness & Mutations

You are an undead lich.
Your unarmed attacks are suffused with negative energy.
You are immune to unholy pain and torment.
Your necromantic spells are more powerful.
You cannot drink.
You are immune to poison.
((You are very nimble when in or above water. (Stealth+, EV+, Speed+++)))
Your lower body shifts to a powerful aquatic tail in water.
Armour fits poorly on your strangely shaped body.


Message History

The rockslime resists.
The rockslime is severely wounded.
The blast of lightning engulfs your ball lightning.
Your ball lightning completely resists.
The blast of lightning engulfs you. You resist.
The acid blob spits acid at you. The splash of acid hits you!
Your ball lightning explodes!
The blast of lightning engulfs you. You resist.
* * * LOW HITPOINT WARNING * * *
The blast of lightning engulfs your ball lightning.
Your ball lightning completely resists.
The blast of lightning engulfs the rockslime.
The rockslime resists.
The rockslime is almost dead.
The blast of lightning engulfs your ball lightning.
Your ball lightning completely resists.
The blast of lightning engulfs your ball lightning.
Your ball lightning completely resists.
You block the rockslime's attack.
You feel your intelligence returning.
Unknown command.
Unknown command.
Aim the phial where?
Press: ? - help, Shift-Dir - straight line, f - acid blob
Aim: an acid blob The torrent of water misses the acid blob.
The wave splashes down.
The acid blob is engulfed in water.
Your ball lightning explodes!
The blast of lightning engulfs you! You resist.
* * * LOW HITPOINT WARNING * * *
The blast of lightning engulfs the rockslime!
The rockslime resists.
The rockslime is almost dead.
A slime creature comes into view. x2
The acid blob spits acid at you. The splash of acid hits you!!
* * * LOW HITPOINT WARNING * * *
The rockslime hits you!!
You die...

, ,,* ,
,.............#*
**.#............
#...#........,#
***
**............#.##
* **
...............# *
,,
.....#........## ,
,
,...............#
, ,
.J~~....L*.....#
,, , ,
.J~J~..J.*....##
,, ,
,..~.~.........# *
,,,
..............# ,
, ......>........#
*
,,..............##
,, ,
,,...............#
,,,,
,,..............##
,,,,
,..............#*


You could see an acid blob (unsilenced, waterlogged), 2 slime creatures, a
rockslime (ally target) and 2 friendly ball lightnings.

Vanquished Creatures
  Saint Roka (Orc:2)
  A golden dragon (IceCv)
  A bone dragon (Depths:4)
  2 doom hounds (Depths:4)
  A lich (D:10)
  A titan (Depths:3)
  A deep elf blademaster (Elf:3)
  2 acid blobs (Slime:1)
  Grunn (Depths:4)
  2 deep elf master archers
  2 sphinxes (Vaults:4)
  A tentacled starspawn (Depths:1)
  A kraken (Shoals:1)
  Agnes (D:15)
  A draconian monk (Abyss:5)
  2 azure jellies (Slime:1)
  A deep elf sorcerer (Depths:3)
  A frost giant (Depths:1)
  3 vault wardens (Vaults:4)
  3 ghost moths (Spider:4)
  An iron dragon (Depths:3)
  6 emperor scorpions
  A fire giant (Depths:4)
  A draconian shifter (Depths:4)
  2 orc warlords
  6 very ugly things
  7 ironbound preservers
  4 stone giants
  3 broodmothers
  4 quicksilver oozes (Slime:3)
  A reaper (Depths:4)
  Nessos (D:13)
  An ironbound thunderhulk (Vaults:1)
  A green draconian (Depths:4)
  3 deep elf annihilators (Elf:3)
  A vampire knight (Depths:3)
  2 dire elephants
  4 entropy weavers
  A black draconian (Depths:4)
  3 deep elf demonologists (Elf:3)
  A red draconian (Depths:4)
  A halazid warlock (Desolation)
  A minotaur (Gauntlet)
  A purple draconian (Depths:4)
  A yellow draconian (Depths:4)
  The ghost of leavemydog the Severer, a journeyman HOFi of Okawaru (D:12)
  Snorg (D:13)
  A spark wasp (Depths:4)
  2 green deaths
  12 ettins
  2 crystal guardians (Vaults:3)
  3 deep elf death magi
  2 fire dragons
  A ragged hierophant (Desolation)
  8 boulder beetles
  A rakshasa (Depths:3)
  A servant of whispers (Desolation)
  2 great orbs of eyes
  Harold (Orc:1)
  9 vault guards
  6 hydras
  2 peacekeepers
  2 ice dragons
  A catoblepas (Lair:5)
  A jorogumo (Spider:1)
  4 centaur warriors
  2 spriggan air magi
  2 ironbound frosthearts
  An ogre mage (Vaults:4)
  2 merfolk avatars (Shoals:4)
  A satyr (Shoals:3)
  4 dancing weapons
  A merfolk aquamancer (Shoals:4)
  3 two-headed ogres
  3 hell hogs
  2 deep troll shamans
  3 vampire magi
  13 death yaks
  A tengu warrior (Gauntlet)
  A thrashing horror (Abyss:4)
  A soul eater (Abyss:5)
  2 deep troll earth magi (Depths:4)
  2 spriggan berserkers
  2 deep elf knights (Elf:3)
  5 orc high priests (Orc:1)
  A shock serpent (shapeshifter) (Vaults:4)
  3 hell knights (Vaults:3)
  A wretched star (Abyss:5)
  A fire crab (Volcano)
  2 iron trolls (Depths:3)
  A sixfirhy (Gauntlet)
  3 steelbarb worms
  A sun moth (Spider:3)
  2 pharaoh ants (Spider:3)
  3 sea snakes
  5 orb spiders
  16 deep trolls
  4 ironbound convokers
  2 flayed ghosts (Abyss:5)
  An orange crystal statue (IceCv)
  3 lindwurms
  3 deep elf archers
  3 necromancers
  2 orc knights
  3 wizards
  5 deep elf pyromancers
  7 deep elf zephyrmancers
  A phantasmal warrior (Depths:1)
  A harpy (Vaults:2)
  A cyclops (Depths:3)
  2 fauns (Shoals:3)
  An orc sorcerer (Orc:1)
  6 manticores
  A shining eye (Slime:3)
  13 ugly things
  19 wolf spiders
  12 elephants
  A black mamba (shapeshifter) (D:13)
  7 black mambas
  Maurice (Orc:1)
  A guardian serpent (Desolation)
  2 merfolk sirens
  2 water nymphs
  4 vault sentinels
  8 torpor snails
  An unseen horror (D:10)
  4 rime drakes
  4 yaktaurs
  14 cane toads
  An efreet (Abyss:4)
  3 nameless horrors
  4 demonic crawlers
  10 komodo dragons
  3 tengu conjurers
  2 golden dragon simulacra (IceCv)
  A queen bee (Spider:4)
  3 wind drakes
  2 merfolk
  A polar bear (Lair:5)
  A silent spectre (Abyss:5)
  5 meliai
  A red devil (Depths:2)
  39 slime creatures
  6 hornets
  6 trolls
  12 saltlings (Desolation)
  18 tarantellas
  27 blink frogs
  7 dream sheep
  36 jumping spiders
  An air elemental (Elf:1)
  A shadow (D:13)
  A small abomination (Abyss:5)
  3 vampires
  3 wyverns
  9 spriggans (Lair:5)
  14 culicivoras
  6 basilisks
  4 steam dragons
  2 wraiths
  41 yaks
  9 fire bats
  A water elemental (D:15)
  3 golden eyes (Slime:3)
  A neqoxec (Abyss:5)
  A fire elemental (Elf:3)
  36 redbacks
  20 humans
  3 wargs
  2 minotaur simulacra (Elf:2)
  A harpy simulacrum (Elf:2)
  3 acid dragons
  17 water moccasins
  A hell hound (Volcano)
  A floating eye (Abyss:5)
  30 orc warriors
  2 ice beasts
  7 black bears
  4 boggarts (Lair:5)
  A black bear (shapeshifter) (D:14)
  6 ogres
  37 wolves
  5 centaurs
  A kobold brigand (D:9)
  20 bullfrogs
  3 scorpions
  An earth elemental (Elf:3)
  3 water moccasin zombies (Ossuary)
  A wight (D:7)
  25 killer bees
  A spectral wolf (Depths:3)
  A lindwurm simulacrum (IceCv)
  5 electric eels
  5 howler monkeys
  4 lava snakes (Lair:1)
  3 starcursed masses
  6 centaur zombies (Ossuary)
  7 hounds
  2 jellies (D:5)
  A gnoll bouda (D:7)
  18 orc priests
  Ijyb (D:4)
  5 iguanas
  21 orc wizards
  A hell rat (Lair:2)
  A scorpion zombie (Ossuary)
  2 ogre zombies (Ossuary)
  5 gnolls
  8 adders
  A shadow imp (D:7)
  A white imp (D:6)
  7 ufetubi
  5 adder zombies (Ossuary)
  A worm (D:4)
  5 dart slugs
  54 orcs
  11 endoplasms
  3 giant cockroaches
  3 gnoll zombies (Ossuary)
  3 hobgoblins
  6 jackals
  4 quokkas
  7 ball pythons
  4 bats
  3 frilled lizards
  9 goblins
  3 goblin zombies (Ossuary)
  4 hobgoblin zombies (Ossuary)
  15 kobolds
  3 orc zombies (Ossuary)
  5 rats
  2 snaplasher vines
1153 creatures vanquished.

Vanquished Creatures (collateral kills)
  Mara (Depths:3)
  Margery (Vaults:3)
  Nikola (Spider:1)
  A golden dragon (Depths:3)
  A bone dragon (Depths:4)
  Arachne (Spider:2)
  A doom hound (Depths:4)
  A Tzitzimitl (Depths:4)
  Jorgrun (D:15)
  A tentacled monstrosity (Abyss:4)
  A deep elf blademaster (Elf:3)
  A lich (Depths:1)
  Asterion (Spider:2)
  2 titans
  A walking crystal tome (Depths:4)
  An Executioner (Abyss:5)
  A deep elf master archer (Elf:3)
  4 sphinxes
  A tengu reaver (Depths:3)
  A shadow dragon (Depths:4)
  Roxanne (Spider:4)
  3 fire giants
  6 frost giants
  A rockslime (Slime:2)
  4 deep elf sorcerers
  2 emperor scorpions
  11 vault wardens
  Aizul (Vaults:3)
  2 orc warlords
  15 ironbound preservers
  A deep elf elementalist (Elf:3)
  2 quicksilver oozes
  4 stone giants
  7 ironbound thunderhulks
  A vampire knight (Depths:2)
  11 very ugly things
  A war gargoyle (Vaults:3)
  A reaper (Depths:4)
  2 white draconians (Depths:4)
  2 broodmothers
  A halazid warlock (Desolation)
  7 deep elf annihilators (Elf:3)
  An entropy weaver (Spider:4)
  A putrid mouth (Depths:4)
  3 black draconians (Depths:4)
  11 dire elephants
  3 deep elf demonologists (Elf:3)
  3 spark wasps
  4 ettins
  4 merfolk javelineers
  6 merfolk impalers
  2 jiangshi (Depths:4)
  2 deep elf death magi (Elf:3)
  9 ragged hierophants (Desolation)
  2 deep elf high priests (Elf:3)
  5 yaktaur captains
  The ghost of Alarak the Eclecticist, a journeyman DECj of Vehumet (Lair:5)
  10 vault guards
  9 hydras
  The ghost of Megaraah the Cleaver, a journeyman DsGl of Ru (D:11)
  5 great orbs of eyes
  A fire dragon (Depths:3)
  5 servants of whispers (Desolation)
  6 peacekeepers
  8 ice dragons
  The ghost of inmateoo the Skirmisher, a journeyman GnWn (D:10)
  A spriggan air mage (Depths:1)
  7 boulder beetles
  9 ironbound frosthearts
  3 alligator snapping turtles (Shoals:4)
  A jorogumo (Spider:2)
  3 satyrs
  A two-headed ogre (Depths:3)
  3 merfolk avatars
  12 dancing weapons
  A hell hog (Abyss:5)
  3 merfolk aquamancers
  13 centaur warriors
  3 deep troll shamans
  A spriggan berserker (Depths:1)
  6 tengu warriors
  A thrashing horror (Abyss:4)
  2 large abominations
  An orc high priest (Orc:2)
  Sonja (D:13)
  A spriggan (Depths:1)
  A deep troll earth mage (Depths:3)
  A hell knight (Vaults:3)
  5 deep elf knights
  A wretched star (Abyss:4)
  4 iron trolls
  6 steelbarb worms
  2 skeletal warriors (D:10)
  4 pharaoh ants
  7 sea snakes
  2 glowing orange brains
  11 orb spiders
  A necromancer (D:10)
  7 deep elf archers
  54 deep trolls
  A phantasmal warrior (Depths:2)
  14 ironbound convokers
  A spriggan simulacrum (Elf:2)
  22 deep elf pyromancers
  6 harpies
  8 lindwurms
  20 deep elf zephyrmancers
  An orc sorcerer (Orc:2)
  8 wizards
  3 orc knights
  5 manticores
  A shining eye (Slime:1)
  20 fauns
  3 wolf spiders
  19 slime creatures
  3 cyclopes
  A wolf spider (shapeshifter) (Depths:3)
  11 vault sentinels
  5 merfolk sirens
  18 ugly things
  2 moths of wrath (Spider:1)
  A salamander (Depths:2)
  3 water nymphs
  3 guardian serpents (Desolation)
  2 molten gargoyles (Desolation)
  3 storm dragon simulacra (IceCv)
  4 gargoyles (Depths:3)
  17 yaktaurs
  An efreet (D:15)
  8 demonic crawlers
  An anaconda simulacrum (Elf:2)
  A tengu conjurer (Depths:3)
  5 golden dragon simulacra (IceCv)
  A troll (Orc:2)
  9 wind drakes
  2 nameless horrors
  A meliai (Spider:4)
  A hornet (Depths:1)
  19 merfolk
  14 tarantellas
  56 saltlings (Desolation)
  A raiju (Abyss:5)
  7 dream sheep
  A blink frog (Abyss:4)
  8 snapping turtles
  A centaur simulacrum (D:10)
  4 starcursed masses (Depths:1)
  19 jumping spiders
  7 water elementals
  An air elemental (Elf:3)
  A dire elephant simulacrum (Elf:2)
  7 culicivoras
  2 vampires
  2 wraiths
  A fire elemental (Elf:1)
  A minotaur simulacrum (Elf:2)
  32 redbacks
  2 chaos spawn
  3 wargs
  2 small abominations (Abyss:5)
  5 orc warriors (Orc:2)
  6 ice dragon simulacra (IceCv)
  4 ogres (Orc:2)
  3 boggarts (Depths:3)
  5 wolves
  An earth elemental (Elf:3)
  5 killer bees (Spider:4)
  A spectral wolf (Depths:3)
  4 lindwurm simulacra
  A lava snake (Orc:2)
  A crimson imp (Spider:4)
  An orc priest (Orc:2)
  An orc wizard (Orc:2)
  2 white imps (Vaults:2)
  An ufetubus (Vaults:2)
  13 orcs
  3 training dummies (Elf:2)
  A kobold (Depths:3)
  3 ball lightnings (Elf:1)
  A lurking horror (Abyss:4)
  5 snaplasher vines
  A starspawn tentacle (Depths:1)
886 creatures vanquished.

Vanquished Creatures (others)
  An entropy weaver (Spider:2)
  A crystal guardian (Desolation)
  A hydra (Lair:5)
  An orc high priest (Orc:2)
  A satyr (Shoals:4)
  A deep elf knight (Elf:2)
  A deep elf archer (Elf:1)
  A wizard (D:13)
  An ironbound convoker (Vaults:2)
  2 deep elf pyromancers
  A cyclops (Shoals:3)
  A storm dragon simulacrum (IceCv)
  A komodo dragon (Lair:5)
  A yaktaur (Vaults:2)
  A rime drake (Lair:5)
  2 polar bears (Lair:5)
  A hornet (Lair:5)
  A merfolk (Shoals:4)
  2 tarantellas
  A water elemental (Depths:1)
  A shadow (D:8)
  3 spriggans (Lair:5)
  A wyvern (D:11)
  A basilisk (Lair:3)
  7 spatial vortices (Abyss:5)
  A warg (Orc:2)
  2 water moccasins
  2 orc warriors (Orc:2)
  A black bear (Lair:5)
  An ogre (Orc:2)
  7 wolves
  A centaur (Depths:3)
  9 wights
  A killer bee (Spider:4)
  2 gnolls (D:6)
  2 orcs (D:7)
  79 ball lightnings
  A bush (Lair:5)
  52 fungi
  302 plants
  37 snaplasher vines
  A starspawn tentacle (Depths:1)
  7 tentacles (Shoals:1)
  4 withered plants (Desolation)
548 creatures vanquished.

Grand Total: 2587 creatures vanquished

Notes
Turn   | Place    | Note
-------+----------+-------------------------------------------
     0 | D:1      | Turgor the Merfolk Ice Elementalist began the quest for the
                  | Orb.
     0 | D:1      | Reached XP level 1. HP: 13/13 MP: 3/3
   358 | D:1      | Reached XP level 2. HP: 19/19 MP: 1/5
  1106 | D:2      | Reached XP level 3. HP: 25/25 MP: 4/6
  1110 | D:2      | Learned a level 3 spell: Frozen Ramparts
  1168 | D:2      | Learned a level 3 spell: Ozocubu's Armour
  1379 | D:2      | Reached skill level 1 in Fighting
  1685 | D:2      | Found Nidghae's Jewellery Boutique.
  2279 | D:3      | Reached XP level 4. HP: 32/32 MP: 5/8
  2314 | D:3      | Reached skill level 5 in Ice Magic
  2355 | D:3      | Reached XP level 5. HP: 27/37 MP: 4/9
  3139 | D:4      | Noticed a black bear
  3149 | D:4      | Killed a black bear
  3150 | D:4      | Reached skill level 2 in Fighting
  3150 | D:4      | Reached XP level 6. HP: 40/44 MP: 3/11
  3353 | D:4      | Learned a level 3 spell: Summon Guardian Golem
  3429 | D:4      | Reached XP level 7. HP: 51/51 MP: 9/13
  3498 | D:4      | Reached skill level 3 in Fighting
  3672 | D:4      | Noticed Ijyb
  3684 | D:4      | Killed Ijyb
  3916 | D:4      | Reached skill level 5 in Spellcasting
  3921 | D:4      | Learned a level 4 spell: Hailstorm
  4018 | D:4      | Reached XP level 8. HP: 49/60 MP: 11/15
  4151 | D:5      | Entered Level 5 of the Dungeon
  4205 | D:5      | Reached skill level 1 in Summonings
  4211 | D:5      | Reached skill level 1 in Hexes
  4212 | D:5      | Reached skill level 4 in Fighting
  4577 | D:5      | Found an ancient bone altar of Kikubaaqudgha.
  4602 | D:5      | Identified the amulet of Jaxya {rN+ Regen+}
  5097 | D:6      | Reached skill level 5 in Fighting
  5106 | D:6      | Reached XP level 9. HP: 68/68 MP: 12/17
  5262 | D:6      | Found a snail-covered altar of Cheibriados.
  5296 | D:6      | Found a staircase to the Ecumenical Temple.
  5344 | Temple   | Entered the Ecumenical Temple
  5408 | Temple   | Became a worshipper of Ashenzari the Shackled
  5724 | D:6      | Found a hazy altar of Hepliaklqana.
  6109 | D:7      | Reached skill level 6 in Fighting
  6113 | D:7      | Reached skill level 1 in Conjurations
  6229 | D:7      | Found a shimmering blue altar of Sif Muna.
  6892 | D:8      | Found a sand-covered staircase.
  6913 | Ossuary  | Entered an ossuary
  6993 | Ossuary  | Reached XP level 10. HP: 77/77 MP: 20/20
  7048 | Ossuary  | Reached skill level 7 in Fighting
  7385 | Ossuary  | Upgraded the game from 0.29-a0-994-gc5c9f59d18 to
                  | 0.29-a0-997-gf6f7e2dfe7
  7407 | Ossuary  | Identified the +0 buckler of Lust {Rampage Fly rF+ Stlth+}
  7484 | D:8      | Found a flagged portal.
  7495 | Bailey   | Entered a bailey
  7565 | Bailey   | Reached * piety under Ashenzari
  7588 | Bailey   | Found a large runed translucent door.
  7588 | Bailey   | Found a large runed translucent door.
  7588 | Bailey   | Noticed an orc knight
  7743 | Bailey   | Killed an orc knight
  7821 | Bailey   | Noticed a deep elf zephyrmancer
  7901 | Bailey   | Killed a deep elf zephyrmancer
  7902 | Bailey   | Reached skill level 10 in Ice Magic
  8007 | D:8      | Identified the +1 chain mail of the Bruised Queens {rF++
                  | rC+ Dex+3 Stlth-}
  8145 | D:8      | Reached skill level 8 in Fighting
  8690 | D:9      | Reached ** piety under Ashenzari
  9026 | D:9      | Found a staircase to the Orcish Mines.
  9252 | D:9      | Reached XP level 11. HP: 92/92 MP: 18/25
  9692 | D:10     | Entered Level 10 of the Dungeon
  9714 | D:10     | Reached skill level 9 in Fighting
  9717 | D:10     | Reached skill level 5 in Conjurations
  9799 | D:10     | Found an opulent altar of Gozag.
  9877 | D:10     | Reached *** piety under Ashenzari
  9922 | D:10     | Found a runed translucent door.
  9925 | D:10     | Noticed a manticore
  9925 | D:10     | Noticed a necromancer
  9925 | D:10     | Noticed a stone giant
  9928 | D:10     | Noticed a necromancer
  9929 | D:10     | Noticed a lich
  9929 | D:10     | Noticed inmateoo's ghost (journeyman GnWn)
  9931 | D:10     | Noticed a skeletal warrior
  9934 | D:10     | Found a runed translucent door.
  9989 | D:10     | Noticed a two-headed ogre
  9999 | D:10     | Killed a two-headed ogre
 10134 | D:10     | Found a bloodstained altar of Trog.
 10142 | D:10     | Found a glowing golden altar of the Shining One.
 10412 | D:10     | Reached **** piety under Ashenzari
 10516 | D:10     | Identified the amulet "Ceafahiop" {Spirit rElec Str+3
                  | Int+2}
 10519 | D:10     | Noticed a skeletal warrior
 10665 | D:11     | Found Vaet's General Store.
 10677 | D:11     | Found Womn's Armour Shoppe.
 10778 | D:11     | Found a runed translucent door.
 10778 | D:11     | Found a shimmering altar of Xom.
 10778 | D:11     | Noticed Megaraah's ghost (journeyman DsGl)
 10779 | D:11     | Noticed a +0 scimitar of chaos
 10793 | D:11     | Noticed a manticore
 10831 | D:11     | Killed a manticore
 10933 | D:11     | Found Lomet's Assorted Antiques.
 11112 | D:11     | Found Xonicle's Distillery.
 11278 | D:11     | Found a staircase to the Lair.
 11540 | D:12     | Reached skill level 5 in Summonings
 11575 | D:12     | Found a runed translucent gate.
 11575 | D:12     | Found a runed translucent gate.
 11575 | D:12     | Found a runed translucent gate.
 11576 | D:12     | Noticed leavemydog's ghost (journeyman HOFi)
 11605 | D:12     | Found a portal to a secret trove of treasure.
 11609 | D:12     | Noticed a deep elf pyromancer
 11617 | D:12     | Killed a deep elf pyromancer
 11618 | D:12     | Reached XP level 12. HP: 100/103 MP: 24/28
 11731 | D:12     | Reached skill level 10 in Fighting
 12331 | D:13     | Noticed a centaur warrior
 12345 | D:13     | Killed a centaur warrior
 12540 | D:13     | Noticed an eight-headed hydra
 12547 | D:13     | Killed an eight-headed hydra
 12664 | Lair:1   | Entered Level 1 of the Lair of Beasts
 12667 | Lair:1   | Reached ***** piety under Ashenzari
 12840 | Lair:1   | Found a runed translucent door.
 13095 | Lair:1   | Reached skill level 5 in Stealth
 13522 | Lair:1   | Found a snail-covered altar of Cheibriados.
 13756 | Lair:1   | Reached skill level 5 in Dodging
 13814 | Lair:1   | Reached skill level 10 in Spellcasting
 13962 | Lair:1   | Reached skill level 11 in Fighting
 13967 | Lair:1   | Reached XP level 13. HP: 50/114 MP: 23/30
 13978 | Lair:1   | Found a runed translucent gate.
 13981 | Lair:1   | Found a runed translucent gate.
 13990 | Lair:1   | Found a runed translucent gate.
 13990 | Lair:1   | Found a runed translucent gate.
 13990 | Lair:1   | Found a runed translucent gate.
 13991 | Lair:1   | Found a runed translucent gate.
 14241 | Lair:2   | Learned a level 5 spell: Lightning Bolt
 14249 | Lair:2   | Learned a level 7 spell: Orb of Destruction
 14257 | Lair:2   | Learned a level 7 spell: Spellforged Servitor
 14593 | Lair:2   | Reached skill level 1 in Shields
 14616 | Lair:2   | Reached skill level 1 in Throwing
 14632 | Lair:2   | Reached ****** piety under Ashenzari
 15067 | Lair:2   | Identified the +7 flail "Newt's Funeral" {speed, rC+ Will+
                  | Str+3}
 15235 | Lair:3   | Reached skill level 1 in Maces & Flails
 15400 | Lair:3   | Found a staircase to the Shoals.
 15469 | Lair:3   | Found a hole to the Spider Nest.
 16018 | Lair:3   | Reached XP level 14. HP: 81/123 MP: 12/32
 16333 | Lair:3   | Identified the +1 plate armour "Zoepy" {SInv}
 16683 | Lair:4   | Found a staircase to the Slime Pits.
 16684 | Lair:4   | Found a viscous altar of Jiyva.
 17188 | Lair:4   | Reached skill level 12 in Fighting
 17340 | Lair:4   | Identified the +2 leather armour of the Loofah {Will+}
 17417 | Lair:4   | Found the +8 storm bow {elec, penet}
 17586 | Lair:5   | Entered Level 5 of the Lair of Beasts
 17647 | Lair:5   | Found a gate leading to a gauntlet.
 17681 | Gauntlet | Entered a Gauntlet
 17681 | Gauntlet | Found a transporter.
 17684 | Gauntlet | Found a transporter.
 17686 | Gauntlet | Found a transporter.
 17690 | Gauntlet | Found a runed translucent door.
 17690 | Gauntlet | Found a runed translucent door.
 17702 | Gauntlet | Found a transporter.
 17704 | Gauntlet | Found a transporter.
 17706 | Gauntlet | Noticed an entropy weaver
 17714 | Gauntlet | Found a transporter.
 17730 | Gauntlet | Found a transporter.
 17740 | Gauntlet | Found a transporter.
 17740 | Gauntlet | Noticed a quicksilver ooze
 17742 | Gauntlet | Found the amulet of the Four Winds {rN+ Will+++ Clar}
 17750 | Gauntlet | Found a transporter.
 17751 | Gauntlet | Identified the +1 pair of gloves "Meam" {Fly rPois Regen+}
 17756 | Gauntlet | Found a transporter.
 17756 | Gauntlet | Found a transporter.
 17758 | Gauntlet | Found a transporter.
 17760 | Gauntlet | Found a runed translucent gate.
 17760 | Gauntlet | Found a runed translucent gate.
 17760 | Gauntlet | Found a runed translucent gate.
 17780 | Gauntlet | Found a transporter.
 17791 | Gauntlet | Found a transporter.
 18078 | Gauntlet | Reached skill level 1 in Armour
 18084 | Gauntlet | Found the +7 great mace "Firestarter" {inner flame, rF++}
 18107 | Lair:5   | Noticed Alarak's ghost (journeyman DECj)
 18142 | Lair:5   | Found a transporter.
 18543 | Lair:5   | Found a transporter.
 18732 | Lair:5   | Reached XP level 15. HP: 105/134 MP: 10/35
 18887 | Lair:5   | Reached skill level 1 in Air Magic
 19060 | Lair:5   | Reached skill level 5 in Shields
 19159 | Lair:5   | Reached skill level 10 in Conjurations
 19279 | Lair:5   | Identified the +1 leather armour "Pexerch" {Fly rF- Dex+5}
 19279 | Lair:5   | Found the brooch of Shielding {Spirit SH+8}
 20457 | Orc:1    | Entered Level 1 of the Orcish Mines
 20518 | Orc:1    | Noticed Harold
 20548 | Orc:1    | Killed Harold
 20559 | Orc:1    | Noticed Maurice
 20577 | Orc:1    | Killed Maurice
 20628 | Orc:1    | Found a dark tunnel.
 20643 | Volcano  | Entered a volcano
 21028 | Orc:2    | Entered Level 2 of the Orcish Mines
 21045 | Orc:2    | Noticed an orc warlord
 21239 | Orc:1    | Killed an orc warlord
 21394 | Orc:2    | Noticed Saint Roka
 21618 | D:12     | Killed leavemydog's ghost
 21927 | D:13     | Identified the +4 cloak "Kimm" {SInv}
 22090 | D:13     | Found a gate to the Vaults.
 22112 | D:13     | Reached skill level 5 in Maces & Flails
 22193 | D:13     | Reached skill level 13 in Fighting
 22322 | D:13     | Noticed Nessos
 22372 | D:13     | Killed Nessos
 22373 | D:13     | Reached XP level 16. HP: 112/141 MP: 30/36
 22549 | D:13     | Noticed Snorg
 22559 | D:13     | Killed Snorg
 22995 | D:14     | Found Kiaps's Assorted Antiques.
 23307 | D:14     | Identified the +0 ring mail of Resilience {rF+ Str+3 SInv}
 23431 | D:15     | Entered Level 15 of the Dungeon
 23715 | D:15     | Noticed Jorgrun
 24003 | Spider:1 | Entered Level 1 of the Spider Nest
 24791 | Spider:1 | Learned a level 8 spell: Necromutation
 25006 | Spider:1 | Identified a scroll of acquirement
 25028 | Spider:1 | Acquired the Secrets of Destructive Attendants
 25036 | Spider:1 | Learned a level 5 spell: Summon Forest
 25240 | Spider:1 | Noticed Nikola
 25317 | Spider:2 | Noticed Arachne
 25513 | Spider:1 | Reached skill level 10 in Summonings
 25786 | Spider:2 | Killed Arachne
 25870 | Spider:2 | Identified the +8 great sword of Conflict {vorpal, *Rage
                  | rF++ rC+ Str+3}
 26150 | Spider:2 | Noticed Asterion
 26171 | Spider:2 | Killed Asterion
 26745 | Spider:3 | Reached XP level 17. HP: 150/150 MP: 18/37
 27149 | Spider:3 | Reached skill level 1 in Translocations
 27348 | Spider:3 | Reached skill level 14 in Fighting
 27899 | Spider:4 | Entered Level 4 of the Spider Nest
 28064 | Spider:4 | Noticed Roxanne
 28205 | Spider:3 | Reached skill level 5 in Armour
 30144 | Spider:4 | Killed Roxanne
 30320 | Spider:4 | Identified the +3 war axe "Wuhath" {pain, *Corrode Will+
                  | SInv}
 30418 | Spider:4 | Reached XP level 18. HP: 140/159 MP: 27/39
 30480 | Spider:4 | Upgraded the game from 0.29-a0-997-gf6f7e2dfe7 to
                  | 0.29-a0-998-g1987434951
 31133 | Spider:4 | Got a gossamer rune of Zot
 31335 | Shoals:1 | Entered Level 1 of the Shoals
 32938 | Shoals:2 | Learned a level 5 spell: Borgnjor's Vile Clutch
 33587 | Shoals:3 | Reached skill level 15 in Fighting
 34396 | Shoals:4 | Entered Level 4 of the Shoals
 34412 | Shoals:4 | Reached skill level 1 in Transmutations
 34415 | Shoals:4 | Reached skill level 1 in Necromancy
 35304 | Shoals:4 | Got a barnacled rune of Zot
 35345 | Shoals:4 | Reached XP level 19. HP: 108/170 MP: 29/41
 36348 | D:10     | Killed inmateoo's ghost
 36349 | D:10     | Reached skill level 1 in Polearms
 36349 | D:10     | Reached skill level 1 in Earth Magic
 36741 | D:11     | Killed Megaraah's ghost
 36955 | D:15     | Found a staircase to the Depths.
 36985 | D:15     | Noticed Agnes
 36994 | D:15     | Killed Agnes
 37000 | D:15     | Killed Jorgrun
 37497 | Vaults:1 | Entered Level 1 of the Vaults
 38070 | Vaults:1 | Reached skill level 5 in Polearms
 38204 | Vaults:1 | Found Horharit's Magic Scroll Shop.
 38213 | Vaults:1 | Bought a scroll of teleportation for 63 gold pieces
 38213 | Vaults:1 | Bought a scroll of teleportation for 63 gold pieces
 38213 | Vaults:1 | Bought a scroll of blinking for 157 gold pieces
 38213 | Vaults:1 | Bought a scroll of fear for 84 gold pieces
 38322 | Vaults:1 | Reached skill level 5 in Transmutations
 39068 | Vaults:1 | Reached skill level 5 in Necromancy
 39104 | Vaults:1 | Found Jazxuleu's General Store.
 39529 | Vaults:2 | Reached XP level 20. HP: 178/178 MP: 12/43
 39977 | Vaults:2 | Reached skill level 16 in Fighting
 40929 | Vaults:2 | Found a staircase to the Crypt.
 41139 | Vaults:3 | Noticed Margery
 41150 | Vaults:3 | Killed Margery
 41151 | Vaults:3 | Reached skill level 10 in Polearms
 42320 | Vaults:3 | Reached XP level 21. HP: 172/187 MP: 38/44
 42337 | Vaults:3 | Noticed Aizul
 42350 | Vaults:3 | Killed Aizul
 42771 | Vaults:3 | Reached skill level 5 in Throwing
 43699 | Vaults:4 | Found a crumbling gateway.
 43712 | Desolati | Entered the Desolation of Salt
 43728 | Desolati | Identified the ring of the Everdark {AC+4 Int+2}
 43868 | Desolati | Identified the +1 leather armour "Eduamm" {rElec Dex+5}
 43974 | Desolati | Identified the ring of Duvvijo {Wiz rElec Int+3 Slay-2
                  | Stlth+}
 43980 | Desolati | Identified the ring "Jaiquaro" {rC+ Dex+3 SInv}
 44174 | Desolati | Reached skill level 17 in Fighting
 44179 | Desolati | Reached skill level 15 in Spellcasting
 44270 | Desolati | Identified the Folio of the Figure and Pyromania
 44321 | Desolati | Reached skill level 10 in Transmutations
 44429 | Desolati | Identified the +0 plate armour "Uforuev" {Will+ Regen+
                  | Int-4 Dex+8}
 44481 | Desolati | Identified the ring of Tuge Ofy {rC+ rN+ MP+9 Dex-3}
 44598 | Desolati | Identified the +1 broad axe of Valuable Assets {protect,
                  | rC+ Will+ Dex+3}
 44604 | Desolati | Found the +12 pair of quick blades "Gyre" and "Gimble"
                  | {protect}
 44627 | Desolati | Identified the +9 shortbow "Naony" {vorpal, Fly rC+++ MP-9
                  | Stlth+}
 44751 | Desolati | Identified Sif Muna's Volume of the Sinister Excursion
 45018 | Desolati | Identified the ring of Lupimuem {rC+ SInv}
 45516 | Abyss:3  | Found a corrupted altar of Lugonu.
 45516 | Abyss:3  | Cast into level 3 of the Abyss (vault guard)
 45597 | Abyss:4  | Found a corrupted altar of Lugonu.
 45623 | Abyss:4  | Found a corrupted altar of Lugonu.
 45933 | Vaults:4 | Escaped the Abyss
 46057 | Vaults:4 | Reached skill level 10 in Necromancy
 46146 | Vaults:4 | Reached XP level 22. HP: 158/196 MP: 35/46
 47929 | Orc:2    | Killed Saint Roka
 48077 | Orc:2    | Found Fuutwex's Antique Armour Shop.
 48090 | Orc:2    | Bought a pair of embroidered gloves for 247 gold pieces
 48090 | Orc:2    | Bought a heavily jewelled robe for 188 gold pieces
 48090 | Orc:2    | Identified the +0 robe of Gallantry {Harm rF+ Stlth+} (You
                  | bought it in a shop on level 2 of the Orcish Mines)
 48094 | Orc:2    | Bought a runed cloak for 247 gold pieces
 48094 | Orc:2    | Bought fine fire dragon scales for 2145 gold pieces
 48094 | Orc:2    | Identified the +1 fire dragon scales of the Catfish {rF++
                  | rC- Will+} (You bought it in a shop on level 2 of the
                  | Orcish Mines)
 48147 | Orc:2    | Found a staircase to the Elven Halls.
 48487 | Orc:2    | Found Fetonan's Book Shop.
 48558 | Orc:2    | Found Ogossain's General Store.
 48566 | Orc:2    | Bought a scroll of blinking for 97 gold pieces
 48566 | Orc:2    | Bought a scroll of teleportation for 39 gold pieces
 48566 | Orc:2    | Bought a scroll of teleportation for 39 gold pieces
 48566 | Orc:2    | Bought a scroll of enchant armour for 97 gold pieces
 48572 | Orc:2    | Found Anoab's Antique Weapon Boutique.
 48710 | Orc:2    | Learned a level 6 spell: Conjure Ball Lightning
 48736 | Elf:1    | Entered Level 1 of the Elven Halls
 49462 | Elf:1    | Identified the Collected Works on Arcane Weapons and
                  | Accomplices
 49919 | Elf:2    | Found a runed translucent gate.
 49919 | Elf:2    | Found a runed translucent gate.
 49919 | Elf:2    | Found a runed translucent gate.
 49921 | Elf:2    | Identified the +8 dagger of Abuse {antimagic, Int+4}
 50070 | Elf:2    | Found a frozen archway.
 50143 | IceCv    | Entered an ice cave
 50695 | IceCv    | Noticed a golden dragon
 50701 | IceCv    | Killed a golden dragon
 50801 | IceCv    | Identified the ring "Qukki Ycko" {*Slow AC+4 Str+4 Int+4}
 50801 | IceCv    | Identified the +2 pair of boots "Ziraet" {rN+ MP+9}
 50801 | IceCv    | Identified the ring of Emyogy {EV+4 Int+4 Dex-3}
 50803 | IceCv    | Identified the ring "Weurphoe" {rElec rC+ MP+9 Slay+4}
 51053 | Elf:2    | Found an ancient bone altar of Kikubaaqudgha.
 51379 | Elf:3    | Entered Level 3 of the Elven Halls
 51379 | Elf:3    | Found Heyshomau's Book Shop.
 51386 | Elf:3    | Reached skill level 18 in Fighting
 51405 | Elf:3    | Found Pofocosaa's Antique Armour Boutique.
 51615 | Elf:3    | Found Moeli's General Store.
 51628 | Elf:3    | Bought a potion of heal wounds for 90 gold pieces
 51853 | Elf:3    | Found Hecasizo's Magic Scroll Shop.
 51940 | Elf:3    | Identified the ring "Soasku" {+Blink Fly rElec Int+3}
 52166 | Elf:3    | Identified the +2 falchion "Gicsid" {freeze, rC+ rN+}
 52171 | Elf:3    | Identified the +7 scimitar of Crusades {vorpal, *Corrode
                  | rPois Int+3}
 52181 | Elf:3    | Reached XP level 23. HP: 206/206 MP: 15/47
 52363 | Elf:3    | Identified the +1 scale mail "Cempo" {rF+}
 52808 | Elf:3    | Identified the +4 spear of Adoecei {venom, rPois SInv}
 52831 | Elf:3    | Identified the Discourse on Harmful Misery
 52898 | Elf:3    | Found the ring of Shadows {Umbra +Inv Stlth+}
 52967 | Elf:3    | Identified the -1 pair of boots of Ogaluf {rC+}
 53221 | Elf:3    | Bought a glowing hat for 308 gold pieces
 53221 | Elf:3    | Bought a pair of runed boots for 330 gold pieces
 53224 | Elf:3    | Learned a level 2 spell: Passwall
 53256 | Elf:3    | Bought the Tractate on Elsewhere and Necromancy for 480
                  | gold pieces
 53465 | D:13     | Noticed Sonja
 53468 | D:13     | Killed Sonja
 53524 | Depths:1 | Entered Level 1 of the Depths
 53784 | Depths:1 | Found a gateway to Hell.
 53803 | Depths:1 | Gained mutation: Armour fits poorly on your strangely
                  | shaped body. [mutagenic glow]
 54075 | Depths:1 | Found a stormy altar of Qazlal.
 54091 | Depths:1 | Found the +8 demon trident "Rift" {distort, reach+}
 54142 | Depths:1 | Found a one-way gate to the infinite horrors of the Abyss.
 54242 | Depths:1 | Identified the +3 short sword of Ostic {flame, rF+ Str+2}
 54401 | Depths:1 | Found a corrupted altar of Lugonu.
 55031 | Depths:2 | Found a one-way gate leading to the halls of Pandemonium.
 55517 | Depths:2 | Found Lojis's Assorted Antiques.
 55530 | Depths:2 | Bought a potion of attraction for 87 gold pieces
 55530 | Depths:2 | Bought 2 potions of haste for 580 gold pieces
 56115 | Depths:3 | Found a corrupted altar of Lugonu.
 56392 | Depths:3 | Found Uniss's Weapon Shoppe.
 56645 | Depths:3 | Reached skill level 19 in Fighting
 56838 | Depths:3 | Found a one-way gateway to a ziggurat.
 56878 | Depths:3 | Noticed Mara
 56891 | Depths:3 | Killed Mara
 56902 | Depths:3 | Noticed a golden dragon
 56910 | Depths:3 | Killed a golden dragon
 57195 | Depths:3 | Learned a level 5 spell: Freezing Cloud
 57271 | Depths:3 | Found The Legendary Ugiduuna's Legendary Smithy.
 57277 | Depths:3 | Found Wefafom's Miraculous Elixirs.
 57295 | Depths:3 | Reached XP level 24. HP: 205/216 MP: 35/48
 57317 | Depths:3 | Found a sacrificial altar of Ru.
 57347 | Depths:3 | Found Yqufee Natu's General Store.
 58855 | Depths:3 | Reached skill level 10 in Throwing
 59085 | Depths:4 | Entered Level 4 of the Depths
 59169 | Depths:4 | Upgraded the game from 0.29-a0-998-g1987434951 to
                  | 0.29-a0-1006-g0dd7720b37
 59404 | Depths:4 | Found a gate to the Realm of Zot.
 60823 | Depths:4 | Noticed Grunn
 60826 | Depths:4 | Reached skill level 15 in Transmutations
 60834 | Depths:4 | Killed Grunn
 61484 | Depths:4 | Found a blossoming altar of Fedhas.
 61581 | Depths:4 | Voluntarily entered the Abyss.
 61581 | Abyss:4  | Found a corrupted altar of Lugonu.
 61603 | Abyss:5  | Found a corrupted altar of Lugonu.
 61603 | Abyss:5  | Found a corrupted altar of Lugonu.
 61635 | Depths:4 | Escaped the Abyss
 61667 | Depths:3 | Voluntarily entered the Abyss.
 61700 | Depths:3 | Escaped the Abyss
 61785 | Depths:1 | Voluntarily entered the Abyss.
 61797 | Depths:1 | Escaped the Abyss
 61803 | Depths:1 | Voluntarily entered the Abyss.
 61949 | Abyss:5  | Paralysed by a floating eye for 3 turns
 61977 | Abyss:5  | Got an abyssal rune of Zot
 62027 | Depths:1 | Escaped the Abyss
 62397 | Spider:1 | Killed Nikola
 62731 | Lair:5   | Killed Alarak's ghost
 63080 | Slime:1  | Entered Level 1 of the Pits of Slime
 63277 | Lair:4   | Learned a level 1 spell: Apportation
 63290 | Slime:1  | Reached skill level 20 in Fighting
 63843 | Slime:3  | Slain by a rockslime

Illustrated notes

Levels and vault maps discovered:
D:1:      giann_wishing_wells, layout_basic
D:2:      layout_basic, serial_shops, shop
D:3:      layout_basic
D:4:      layout_rooms, minmay_misc_feat_cross, uniq_ijyb
D:5:      layout_rooms, mainiacjoe_overflow_surrounded_room, st_stairs_7,
          kennysheep_flooded_box, chequers_serial_rivers_micro_b
D:6:      layout_loops_ring, nicolae_overflow_hidden_temple,
          general_overflow_altar, minmay_temple_entry_waves
D:7:      layout_rooms, lemuel_blue_sif_altar
D:8:      layout_basic, nicolae_ossuary_entry_monument, enter_bailey_3
D:9:      layout_long_grid, david_orc_1_choice
D:10:     layout_irregular_city, grunt_gozag_statues,
          mainiacjoe_overflow_large_starburst, muffindrake_ghost_dual_entry
D:11:     layout_rooms, erik_lair_dragon, serial_shops,
          nicolae_shop_advertising_works [nicolae_subvault_shop_adworks],
          nicolae_square_shop, nicolae_shop_crystal, nicolae_square_shop,
          ebering_ghost_xom
D:12:     layout_roguey, ebering_ghost_rock_garden, nicolae_trove_entry_isolated
D:13:     layout_loops_ring, grunt_vaults_entry_tiered,
          nicolae_concentric_dashed_squares_mild, billiards_dpeg, uniq_snorg,
          uniq_sonja, uniq_nessos
D:14:     layout_basic, serial_shops, nicolae_shop_waterfront,
          hangedman_glass_teeth
D:15:     grunt_enter_depths_snipers, layout_basic, minmay_misc_feat_encased,
          uniq_agnes, uniq_jorgrun
Temple:   eino_wide_crystal_templ
Lair:1:   gammafunk_indiana_jones, layout_chaotic_city, kennysheep_snail_temple,
          grunt_megastairs_4, serial_bayou_shore_a
Lair:2:   layout_cave_pods, minmay_shattered_shrine, serial_bayou_shore_b,
          grunt_megastairs_3
Lair:3:   layout_cave_pods, minmay_shoals_entry_beasts,
          hellmonk_spider_entry_life_and_decay,
          nicolae_lair_run_with_the_wolves, lemuel_fruit_fields
Lair:4:   layout_regular_city, nicolae_slime_entry_slimehenge
Lair:5:   minmay_lair_end_enchanted_forest, layout_gridlike,
          gauntlet_entry_generic, gammafunk_ghost_arena, grunt_megastairs_2
Shoals:1: layout_shoals
Shoals:2: layout_shoals
Shoals:3: layout_shoals
Shoals:4: shoals_end_grunt_garden, layout_shoals
Spider:1: layout_chambers, nicolae_spider_wall_of_niches, uniq_nikola
Spider:2: layout_spider_delve, uniq_arachne, uniq_asterion
Spider:3: layout_spider_delve
Spider:4: grunt_spider_rune_circles, special_room [special_room_bee], drop_trap,
          nicolae_crawler_farm, uniq_roxanne
Slime:1:  layout_caves
Slime:2:  layout_caves
Slime:3:  layout_caves, cheibrodos_slime_lost_civilization_4
Orc:1:    cheibrodos_orc_arena, layout_diamond_mine,
          nicolae_volcano_entry_batcave, uniq_maurice, uniq_urug, uniq_harold
Orc:2:    grunt_orc_gardens, layout_diamond_mine, grunt_orc_garden,
          grunt_orc_garden, grunt_orc_garden, grunt_orc_garden,
          nicolae_orc_lava_tube, uniq_saint_roka
Elf:1:    layout_onion_city, minmay_elf_sorcery
Elf:2:    elven_hall_of_blades_hangedman_original [mumra_blade_entry_bloodbath],
          layout_loops_cross, portal_ice_cave_entry_ice_simulacra, basic_altar,
          nicolae_elf_archery_training
Elf:3:    grunt_elf_hall_diamonds, layout_geoelf_octagon, serial_shops,
          shop_scrolls, shop, shop, shop_fountains, nicolae_twisting_strands,
          minmay_checkered_concentric_circles
Vaults:1: grunt_vaults_funnel, v_misc_19, vaults_room_semicircle, v_misc_32,
          grunt_vaults_diagonal, layout_vaults_omnigrid, serial_shops, shop,
          nicolae_shop_behind_doors
Vaults:2: nicolae_vaults_c_with_doors, hangedman_vaults_unwind,
          ontoclasm_vaults_pinch, vaults_room_boxed,
          nicolae_vaults_yaktaur_gun_rack, v_misc_27, vaults_dpeg_doors,
          v_alt_pattern_6, minmay_crypt_entry_simple_statues, serial_ice_m,
          serial_ice_b, vaults_dpeg_emergency_exit, vaults_mumra_hexcomb,
          nicolae_vaults_little_ls, layout_vaults_omnibox
Vaults:3: nicolae_vaults_big_ls, grunt_vaults_focal, nicolae_vaults_alarming,
          hangedman_vaults_corner, ontoclasm_vaults_chip,
          nicolae_vaults_stairing_the_circle, ontoclasm_vaults_chip,
          nicolae_vaults_little_squares_6, v_misc_14,
          nicolae_vaults_little_squares_5, nicolae_vaults_little_squares_2,
          layout_vaults_ring, uniq_margery, uniq_aizul
Vaults:4: portal_desolation_entry_nicolae_forbidding_blocks, st_more_cells,
          grunt_vaults_bifocal, nicolae_vaults_border_crossing,
          vaults_room_fancy_cross, v_misc_27, ontoclasm_vaults_gateway,
          hangedman_vaults_stitches, v_rooms_5, v_pattern_4,
          ontoclasm_vaults_ring_square, nicolae_vaults_sealed_display,
          nicolae_vaults_gold_heap, grunt_vaults_hallway_short,
          layout_vaults_maze_snakey
Depths:1: layout_cave_pools, grunt_qazlal_clouds, abyss_entry_small_statue_room,
          hell_entry, hellmonk_guarded_unrand_rift
Depths:2: dreamdust_hydra_shepherd, layout_cave_pools, serial_shops,
          nicolae_shop_temple_entry_statues_fountains, hangedman_decor_riveting,
          rand_demon_pan_entry_8, hell_entry
Depths:3: grated_community_mu [grated_community_mu_vampire_home,
          grated_community_mu_giant_home, grated_community_mu_spellcaster_home,
          grated_community_mu_orcish_home, grated_community_mu_troll_home,
          grated_community_mu_taur_home, grated_community_mu_unbuilt_plot],
          layout_cave_shapes, enter_ziggurat_a, hell_entry, serial_shops, shop,
          abyss_entry_flame_altar, infiniplex_staircase_river, uniq_mara
Depths:4: grunt_twist_and_shout, layout_honeycomb, abyss_entry, fedhas_altar_4,
          hell_entry, uniq_grunn

Skill      XL: |  1  2  3  4  5  6  7  8  9 10 11 12 13 14 15 16 17 18 19 20 21 22 23 24 |
---------------+-------------------------------------------------------------------------+-----
Dodging        | 3 5 7 8 9 |  9.5
Fighting       | 1 2 3 5 6 8 9 11 12 13 14 15 16 17 18 19 20 | 20.0
Spellcasting   | 3 4 5 7 8 9 10 11 12 13 14 15 16 | 16.8
Ice Magic      | 5 6 7 8 9 10 11 | 11.0
Stealth        | 3 6 |  6.7
Summonings     | 3 5 6 7 8 9 10 11 12 | 12.0
Hexes          | 3 |  3.0
Conjurations   | 2 4 6 7 8 9 10 11 12 13 14 | 14.2
Shields        | 2 4 6 7 8 |  8.7
Throwing       | 2 3 4 6 8 9 10 | 10.0
Maces & Flails | 2 4 5 6 |  6.2
Armour         | 1 2 4 5 6 7 8 |  8.2
Air Magic      | 3 |  3.1
Translocations | 1 2 4 |  4.1
Transmutations | 3 6 8 10 12 13 15 | 15.2
Necromancy     | 2 5 7 10 11 12 13 | 13.5
Polearms       | 7 11 12 | 12.7
Earth Magic    | 2 |  2.8

Action                   |  1- 3 |  4- 6 |  7- 9 | 10-12 | 13-15 | 16-18 | 19-21 | 22-24 || total
-------------------------+-------+-------+-------+-------+-------+-------+-------+-------++-------
Melee: Unarmed           |     4 |       |       |       |       |       |       |       ||     4
       Short sword       |    21 |     9 |       |       |       |       |       |       ||    30
       Whip              |       |    11 |   134 |   372 |    61 |       |       |       ||   578
       Trident           |       |       |       |     8 |       |       |       |       ||     8
       Punch             |       |       |       |     3 |       |       |       |       ||     3
       Flail             |       |       |       |       |   601 |   688 |   309 |   427 ||  2025
 Fire: Sling             |     4 |       |       |    15 |       |       |       |       ||    19
Throw: Stone             |     4 |       |     1 |       |       |       |       |       ||     5
       Dart              |       |    13 |    12 |    29 |    32 |    34 |     2 |       ||   122
       Boomerang         |       |       |       |       |     4 |     3 |       |       ||     7
 Cast: Freeze            |    45 |    19 |    26 |     6 |    20 |    10 |    10 |     3 ||   139
       Frozen Ramparts   |       |     8 |    48 |    88 |   136 |   126 |    11 |     3 ||   420
       Ozocubu's Armour  |       |     2 |     5 |    41 |    67 |   106 |    14 |     6 ||   241
       Summon Guardian G |       |       |     6 |    16 |    27 |     7 |       |     1 ||    57
       Hailstorm         |       |       |     1 |     3 |    15 |    12 |     5 |       ||    36
       Lightning Bolt    |       |       |       |       |    28 |     8 |    22 |    11 ||    69
       Spellforged Servi |       |       |       |       |       |   106 |   137 |   170 ||   413
       Summon Forest     |       |       |       |       |       |    45 |    72 |    41 ||   158
       Orb of Destructio |       |       |       |       |       |    10 |    23 |    19 ||    52
       Borgnjor's Vile C |       |       |       |       |       |       |    17 |   226 ||   243
       Necromutation     |       |       |       |       |       |       |     1 |    68 ||    69
       Conjure Ball Ligh |       |       |       |       |       |       |       |    29 ||    29
       Freezing Cloud    |       |       |       |       |       |       |       |    13 ||    13
       Apportation       |       |       |       |       |       |       |       |     1 ||     1
       Passwall          |       |       |       |       |       |       |       |     1 ||     1
Invok: Curse Item        |       |       |       |     9 |     5 |     4 |       |     4 ||    22
       Shatter the Chain |       |       |       |       |     5 |     3 |       |     4 ||    12
Evoke: Wand              |       |       |    10 |    12 |     9 |    14 |       |    10 ||    55
       Tin of tremorston |       |       |       |     2 |     3 |     2 |       |       ||     7
       Phantom mirror    |       |       |       |       |     3 |     1 |       |     1 ||     5
       Condenser vane    |       |       |       |       |     3 |     3 |     2 |     3 ||    11
       Box of beasts     |       |       |       |       |     2 |     2 |       |     2 ||     6
       Phial of floods   |       |       |       |       |       |       |       |     2 ||     2
  Use: Scroll            |       |       |     8 |     3 |     2 |     8 |     6 |    11 ||    38
       Potion            |       |       |       |       |     5 |    10 |     9 |    10 ||    34
 Stab: Sleeping          |     6 |     2 |     3 |     3 |     1 |     2 |       |     4 ||    21
       Invisible         |       |       |       |       |     6 |       |     1 |       ||     7
       Distracted        |       |       |       |       |       |     9 |    14 |     5 ||    28
       Confused          |       |       |       |       |       |       |       |     1 ||     1
Armor: Robe              |     2 |     3 |    26 |   151 |   168 |     8 |       |       ||   358
       Ring mail         |       |       |       |       |       |   493 |   123 |    30 ||   646
       Fire dragon scale |       |       |       |       |       |       |       |   148 ||   148
Dodge: Dodged            |    27 |    16 |   120 |   387 |   351 |   591 |   198 |   275 ||  1965
Block: Buckler           |       |       |       |    29 |   136 |   121 |       |       ||   286
       Kite shield       |       |       |       |       |       |   404 |   244 |   293 ||   941

Table legend: (Time is in decaauts)
 A = Elapsed time spent in this place.
 B = Non-inter-level travel time spent in this place.
 C = Inter-level travel time spent in this place.
 D = Time resting spent in this place.
 E = Time spent auto-exploring this place.
 F = Levels seen in this place.
 G = Mean time per level.
                   A        B        C        D        E       F      G
               +--------+--------+--------+--------+--------+-----+--------+
         Total |  62669 |  58270 |   4399 |   7423 |  29608 |  58 | 1080.5 |
       Dungeon |  16386 |  14681 |   1705 |   1187 |   9144 |  15 | 1092.4 |
        Temple |     83 |     53 |     30 |      0 |     16 |   1 |   83.0 |
          Lair |   8116 |   7316 |    800 |    843 |   3526 |   5 | 1623.2 |
        Shoals |   4178 |   4007 |    171 |    373 |   2570 |   4 | 1044.5 |
   Spider Nest |   7422 |   6902 |    520 |   1108 |   3314 |   4 | 1855.5 |
    Slime Pits |    441 |    441 |      0 |    308 |      0 |   3 |  147.0 |
  Orcish Mines |   1507 |   1332 |    175 |     81 |    758 |   2 |  753.5 |
   Elven Halls |   3777 |   3561 |    216 |    549 |   1355 |   3 | 1259.0 |
        Vaults |   8152 |   7715 |    437 |    432 |   4762 |   4 | 2038.0 |
        Depths |   7899 |   7557 |    342 |   1888 |   3279 |   4 | 1974.8 |
         Abyss |    681 |    681 |      0 |     18 |      6 |   7 |   97.3 |
       Ossuary |    539 |    539 |      0 |      3 |      0 |   1 |  539.0 |
        Bailey |    492 |    492 |      0 |    166 |     21 |   1 |  492.0 |
      Ice Cave |    780 |    780 |      0 |    288 |     23 |   1 |  780.0 |
       Volcano |    251 |    251 |      0 |     60 |     49 |   1 |  251.0 |
    Desolation |   1541 |   1541 |      0 |     19 |    783 |   1 | 1541.0 |
      Gauntlet |    418 |    418 |      0 |     99 |      0 |   1 |  418.0 |
               +--------+--------+--------+--------+--------+-----+--------+

Top non-repeatable levels by time:
Depths:3: 2642 daAuts
Depths:4: 2463 daAuts
Vaults:3: 2408 daAuts
Spider:3: 2329 daAuts
Vaults:2: 2028 daAuts
  Lair:5: 2009 daAuts
Spider:1: 1985 daAuts
Spider:4: 1939 daAuts
Vaults:4: 1935 daAuts
Vaults:1: 1779 daAuts
  Lair:3: 1777 daAuts
  Lair:1: 1740 daAuts
   Elf:3: 1643 daAuts
Desolation: 1541 daAuts
     D:9: 1508 daAuts
